 Dungeon Crawl Stone Soup version 0.30.1-4-g462c640d31 (webtiles) character file.

Game seed: 5793076090014366054

53 HagarQim the Magician (level 3, -3/31 HPs)
             Began as an Octopode Hedge Wizard on Sept 6, 2023.
             Slain by a phantom (5 damage)
             ... on level 3 of the Dungeon.
             The game lasted 00:04:47 (1725 turns).

HagarQim the Magician (Octopode Hedge Wizard)       Turns: 1725, Time: 00:04:47

Health: -3/31      AC: 21    Str:  9    XL:     3   Next: 87%
Magic:  8/8        EV: -1    Int: 18    God:
Gold:   71         SH:  0    Dex: 11    Spells: 8/9 levels left

rFire   + . .        l - +2 dagger (flame)
rCold   + . .        (no shield)
rNeg    . . .        b - melded +1 hat
rPois   +            d - amulet of magic regeneration
rElec   +            (no ring)
rCorr   +            (no ring)
SInv    .            (no ring)
Will    .....        (no ring)
Stlth   ++           (no ring)
HPRegen 0.25/turn    (no ring)
MPRegen 0.51/turn    (no ring)
                     (no ring)

%: no passive effects
@: brilliant, tree-form, resistant, attractive, constricted
A: stationary, stasis, torment immunity, boosted hp, almost no armour,
(amphibious), 8 rings, (camouflage 1), (gelatinous body 1), (nimble swimmer 1),
(tentacles)
a: no special abilities


You were on level 3 of the Dungeon.
You were a tree.
You visited 1 branch of the dungeon, and saw 3 of its levels.

You collected 71 gold pieces.

Inventory:

Hand Weapons
 l - a +2 dagger of flaming (weapon)
Missiles
 j - 6 javelins
Armour
 b - a +1 hat (melded)
Jewellery
 d - an amulet of magic regeneration (around neck)
Scrolls
 h - a scroll of teleportation {unknown}
 i - a scroll of identify {unknown}
 k - a scroll of poison {unknown}
 m - 3 scrolls of amnesia
Potions
 a - a potion of ambrosia {unknown}
 c - 3 potions of magic
 e - a potion of lignification


   Skills:
 + Level 0.1 Short Blades
 + Level 2.2 Dodging
 + Level 3.4 Stealth
 + Level 3.8 Spellcasting
 + Level 1.2 Conjurations
 + Level 1.0 Summonings
 * Level 1.3 Translocations


You had 8 spell levels left.
You knew the following spells:

 Your Spells              Type           Power      Damage    Failure   Level
a - Magic Dart            Conj           44%        1d5       10%         1

Your spell library contained the following spells:

 Spells                   Type           Power      Damage    Failure   Level
 Blink                    Tloc           24%        N/A       13%         2
 Slow                     Hex            20%        N/A       16%         1
 Call Imp                 Summ           20%        N/A       16%         2
 Cigotuvi's Dreadful Rot  Necr/Pois/Air  10%        N/A       22%         2
 Sublimation of Blood     Necr           5%         N/A       22%         2
 Mephitic Cloud           Conj/Pois/Air  7%         N/A       36%         3
 Ozocubu's Armour         Ice            5%         N/A       41%         3
 Petrify                  Tmut/Erth      5%         N/A       83%         4
 Irradiate                Conj/Tmut      4%         3d13      97%         5
 Ozocubu's Refrigeration  Ice            2%         4d8       100%        7


Dungeon Overview and Level Annotations

Branches:
Dungeon (3/15)

Altars:


Innate Abilities, Weirdness & Mutations

You are a tree.
Your roots penetrate the ground, keeping you stationary.
You cannot be teleported.
You are immune to unholy pain and torment.
Your maximum health is greatly increased.
You cannot wear most types of armour.
((You are amphibious.))
You can wear up to eight rings at the same time.
((Your skin changes colour to match your surroundings (Stealth+).))
((Your rubbery body absorbs attacks. (AC +1, EV +1)))
((You are camouflaged when in or above water. (Stealth+)))
((You have tentacles for arms and can constrict up to eight enemies at once.))


Message History

The phantom hits you.
The phantom blinks!
You blink.
Found a scroll labelled RAQAOT JAVIA.
You hit the phantom. You burn the phantom.
The phantom is moderately damaged.
The phantom hits you!
* * * LOW HITPOINT WARNING * * *
As you read the scroll labelled RAQAOT JAVIA, it crumbles to dust.
It is a scroll of enchant armour.
Your +0 hat glows green for a moment.
The phantom hits you but does no damage.
As you read the scroll labelled DAWINLOAVUE, it crumbles to dust.
It is a scroll of amnesia.
Really abort (and waste the scroll)? [Y]es or [N]o only, please.
Really abort (and waste the scroll)?
Okay, then.
The phantom closely misses you.
Okay, then.
It was a potion of lignification.
You turn into a tree.
Your +1 hat melds into your body.
Your roots penetrate the ground.
The phantom hits you.
* * * LOW HITPOINT WARNING * * *
Unknown command.
You hit the phantom. You burn the phantom.
The phantom is heavily damaged.
The phantom hits you but does no damage.
Okay, then.
It was a potion of brilliance.
You feel clever all of a sudden.
The phantom hits you but does no damage.
It was a potion of attraction.
You feel attractive to monsters.
The ball python bites you but does no damage.
The ball python grabs you. The ball python constricts you.
The phantom hits you but does no damage.
It was a potion of resistance.
You feel protected.
The ball python bites you but does no damage.
The ball python constricts you. The phantom hits you.
You die...

........ ##...#..
........ .......
.....# ##..######...
.#...W♣....... .
######.##.wS.###.###
..#.........#......
............#.##..#
............#. ....
............#?.....
............#.......
#..S.§......# ...
#.....§.....+


You could see a phantom, a dart slug and a ball python.

Vanquished Creatures
  An adder (D:2)
  2 dart slugs (D:2)
  4 bats
  7 endoplasms
  2 goblins (D:1)
  5 hobgoblins
  3 ball pythons
  3 frilled lizards
  6 kobolds
  4 rats
37 creatures vanquished.

Notes
Turn   | Place    | Note
-------+----------+-------------------------------------------
     0 | D:1      | HagarQim the Octopode Hedge Wizard began the quest for the
                  | Orb.
     0 | D:1      | Reached XP level 1. HP: 11/11 MP: 4/4
   242 | D:1      | Reached XP level 2. HP: 17/17 MP: 3/6
  1015 | D:2      | Reached XP level 3. HP: 21/21 MP: 4/8
  1714 | D:3      | Noticed a phantom
  1718 | D:3      | HP: 1/21 [phantom (7)]
  1725 | D:3      | Slain by a phantom

Illustrated notes

Levels and vault maps discovered:
D:1:      beargit_arrival_diablo_church, layout_basic, minmay_misc_feat_x,
          minmay_misc_feat_plants, minmay_misc_feat_doors
D:2:      layout_loops_corners
D:3:      minmay_inner_zag, layout_basic, serial_shops, shop, shop,
          grunt_decor_one_mirror

Skill      XL: |  1  2 |
---------------+-------+-----
Stealth        | 3 |  3.4
Short Blades   | |  0.1
Dodging        | |  2.2
Spellcasting   | |  3.8
Conjurations   | |  1.2
Summonings     | |  1.0
Translocations | |  1.3

Action                     || total
---------------------------++-------
  Melee: Dagger            ||    31
         Constrict         ||     5
         Tentacles         ||     5
   Cast: Magic Dart        ||    48
    Use: Potion            ||     4
         Scroll            ||     2
   Stab: Sleeping          ||     8
 Armour: Skin              ||    13
  Dodge: Dodged            ||    24
